 Dungeon Crawl Stone Soup version 0.27.0-1-g7a089689b8 (webtiles) character file.

Game seed: 15934076087014961264

1615 sasquatch the Basher (level 8, -3/64 HPs)
             Began as a Minotaur Berserker on Aug 4, 2021.
             Was an Elder of Trog.
             Slain by an orc warrior (14 damage)
             ... on level 7 of the Dungeon.
             The game lasted 00:03:58 (3729 turns).

sasquatch the Basher (Minotaur Berserker)           Turns: 3729, Time: 00:03:59

Health: -3/64      AC:  7    Str: 23    XL:     8   Next: 64%
Magic:  7/7        EV: 10    Int:  4    God:    Trog [****..]
Gold:   162        SH:  0    Dex: 11    Spells: 7/7 levels left

rFire    . . .     SeeInvis .   p - +0 flail
rCold    . . .     Faith    .   (no shield)
rNeg     . . .     Spirit   .   n - +0 scale mail
rPois    .         Reflect  .   (helmet restricted)
rElec    .         Harm     .   x - scarf {shadows}
rCorr    .         Rampage  .   (no gloves)
Will     ++...                  e - +0 pair of boots
Stlth    ..........             (no amulet)
HPRegen  1.20/turn              (no ring)
MPRegen  0.10/turn              (no ring)

@: strong-willed, on berserk cooldown, regenerating, hasted and slowed
A: horns 2, retaliatory headbutt
a: Renounce Religion, Berserk, Trog's Hand, Brothers in Arms


You were on level 7 of the Dungeon.
You worshipped Trog.
Trog was greatly pleased with you.
You visited 1 branch of the dungeon, and saw 7 of its levels.

You collected 162 gold pieces.

Inventory:

Hand Weapons
 p - a +0 flail (weapon)
Armour
 e - a +0 pair of boots (worn)
 n - a +0 scale mail (worn)
 x - a scarf of shadows (worn)
 y - a +0 plate armour
Jewellery
 s - a ring of protection from cold
Wands
 a - a wand of flame (16)
 l - a wand of polymorph (6)
 u - a wand of paralysis (14)
Scrolls
 c - a scroll of blinking {unknown}
 f - a scroll of identify {unknown}
 h - 4 scrolls of teleportation {unknown}
 k - 3 scrolls of torment {unknown}
 r - a scroll of magic mapping {unknown}
 w - a scroll of enchant armour {unknown}
 z - a scroll of acquirement {unknown}
Potions
 b - a potion of experience {unknown}
 d - 5 potions of curing {unknown}
 g - a potion of magic {unknown}
 j - a potion of cancellation {unknown}
 m - a potion of lignification {unknown}
 o - 2 potions of mutation {unknown}
 q - 3 potions of ambrosia {unknown}
 t - a potion of invisibility {unknown}
 v - a potion of attraction {unknown}


   Skills:
 - Level 3.6 Fighting
 + Level 13.1 Maces & Flails
 - Level 2.4 Armour
 - Level 2.1 Dodging


You had 7 spell levels left.
You didn't know any spells.
Your spell library was empty.

Dungeon Overview and Level Annotations

Branches:
Dungeon (7/15)             Temple (0/1) D:4

Altars:

Shops:
D:2 [[


Innate Abilities, Weirdness & Mutations

You have a pair of horns on your head.
You reflexively headbutt those who attack you in melee.


Message History

The wyvern skeleton bites you but does no damage.
The wyvern skeleton bites you.
You sock the wyvern skeleton!
You destroy the wyvern skeleton!
Trog accepts your kill.
An orc priest comes into view. It is wielding a +0 club.
The orc priest shouts!
You hear a shout!
The centaur skeleton barely misses you. You furiously retaliate!
You headbutt the centaur skeleton.
The centaur skeleton kicks you but does no damage.
The centaur skeleton hits you.
* * * LOW HITPOINT WARNING * * *
The centaur skeleton kicks you but does no damage.
An orc comes into view. It is wielding a +0 mace.
The orc priest looks satisfied for a moment.
The orc shouts!
Things that are here:
a +0 shortbow; 25 arrows; a centaur corpse The orc priest miscasts a cantrip.
The orc priest begins to cast a cantrip, but forgets the words!
Items here: $ ) ††.
The orc warrior hits you with a +0 dire flail!
* * * LOW HITPOINT WARNING * * *
The orc warrior barely misses you. The orc warrior barely misses you.
Your skin crawls.
You feel strong-willed.
The orc warrior hits you with a +0 dire flail!
* * * LOW HITPOINT WARNING * * *
The orc warrior hits you with a +0 dire flail.
* * * LOW HITPOINT WARNING * * *
Okay, then.
An iguana comes into view.
The iguana hisses angrily.
The orc warrior closely misses you.
You feel yourself speed up.
The orc warrior hits you with a +0 dire flail.
* * * LOW HITPOINT WARNING * * *
The orc warrior hits you with a +0 dire flail!
You die...

#.# #.# #.# #o ##
#.# ##.# .. . #.#
.o.# .# .# #<#
...##.##.. #.#
#...... #l#
#...########@#
#.###)###.oZ.oo.#
.......)...#######
...######### #


You could see an orc warrior, an iguana, an orc priest, an orc and a centaur
skeleton.

Vanquished Creatures
  A steam dragon (D:5)
  2 necrophages
  2 black bears (D:5)
  A centaur (D:7)
  A bullfrog (D:6)
  2 scorpions
  A gnoll sergeant (D:5)
  A wyvern skeleton (D:7)
  4 killer bees (D:7)
  A howler monkey (D:6)
  A jelly (D:4)
  A hound (D:4)
  A centaur zombie (D:7)
  A bullfrog skeleton (D:4)
  Ijyb (D:4)
  Terence (D:3)
  3 iguanas
  Natasha (twice) (D:3)
  2 orc wizards
  2 hound skeletons (D:4)
  Robin (D:4)
  3 adders (D:4)
  A gnoll (D:1)
  An adder zombie (D:5)
  2 adder skeletons
  4 dart slugs
  12 orcs
  8 ball pythons
  An endoplasm (D:1)
  A giant cockroach (D:1)
  18 goblins
  9 hobgoblins
  8 jackals
  4 kobolds
  2 quokkas
  3 bats
  2 frilled lizards
  5 rats
116 creatures vanquished.

Vanquished Creatures (others)
  12 plants (D:3)
12 creatures vanquished.

Grand Total: 128 creatures vanquished

Notes
Turn   | Place    | Note
-------+----------+-------------------------------------------
     0 | D:1      | sasquatch the Minotaur Berserker began the quest for the
                  | Orb.
     0 | D:1      | Reached XP level 1. HP: 19/19 MP: 0/0
    25 | D:1      | Reached skill level 4 in Maces & Flails
    25 | D:1      | Reached XP level 2. HP: 26/26 MP: 1/1
   126 | D:1      | Reached skill level 5 in Maces & Flails
   130 | D:1      | Reached XP level 3. HP: 31/31 MP: 2/2
   336 | D:1      | Reached ** piety under Trog
   510 | D:2      | Found Waocuk's Antique Armour Shop.
   552 | D:2      | Found Nuesh's Armour Emporium.
   763 | D:2      | Found Quiwol's Weapon Shoppe.
   797 | D:3      | Noticed a scorpion
   805 | D:3      | Killed a scorpion
   806 | D:3      | Reached skill level 6 in Maces & Flails
   806 | D:3      | Reached XP level 4. HP: 39/39 MP: 3/3
  1013 | D:3      | Noticed Natasha
  1017 | D:3      | Killed Natasha
  1018 | D:3      | Reached skill level 7 in Maces & Flails
  1018 | D:3      | Reached XP level 5. HP: 43/45 MP: 4/4
  1192 | D:3      | Noticed Terence
  1198 | D:3      | Killed Terence
  1373 | D:3      | Noticed Natasha
  1378 | D:3      | Killed Natasha
  1379 | D:3      | Reached skill level 8 in Maces & Flails
  1683 | D:4      | Noticed a necrophage
  1704 | D:4      | Killed a necrophage
  1705 | D:4      | Reached XP level 6. HP: 35/51 MP: 5/5
  1863 | D:4      | Reached *** piety under Trog
  1908 | D:4      | Noticed Robin
  1913 | D:4      | Reached skill level 9 in Maces & Flails
  1933 | D:4      | Killed Robin
  2035 | D:4      | Reached XP level 7. HP: 55/57 MP: 6/6
  2092 | D:4      | Found a staircase to the Ecumenical Temple.
  2161 | D:4      | Reached skill level 10 in Maces & Flails
  2354 | D:4      | Noticed Ijyb
  2354 | D:4      | Paralysed by Ijyb for 4 turns
  2370 | D:4      | Killed Ijyb
  2520 | D:5      | Entered Level 5 of the Dungeon
  2567 | D:5      | Noticed a steam dragon
  2757 | D:5      | Killed a steam dragon
  2758 | D:5      | Reached skill level 11 in Maces & Flails
  2913 | D:5      | Reached XP level 8. HP: 64/64 MP: 7/7
  3237 | D:6      | Reached skill level 12 in Maces & Flails
  3706 | D:7      | Reached **** piety under Trog
  3714 | D:7      | Reached skill level 13 in Maces & Flails
  3729 | D:7      | Slain by an orc warrior

Illustrated notes

Levels and vault maps discovered:
D:1:      dpeg_chamrin_arrival_tetris, layout_rooms,
          hellmonk_ecumenical_altar_heavens_door
D:2:      layout_loops_corners, serial_shops, nicolae_shop_window_shopping,
          nicolae_square_shop, shop, shop, kennysheep_generic_room_6
D:3:      layout_basic, general_overflow_altar, serial_bayou,
          serial_bayou_pond_c, serial_bayou_pond_e, serial_bayou_pond_b,
          serial_bayou_pond_c, serial_bayou_shore_b, minmay_ruptured,
          uniq_natasha, uniq_terence
D:4:      minmay_skewed_foursquare, layout_loops_ring,
          minmay_temple_entry_junction, uniq_robin, uniq_crazy_yiuf_cottage,
          uniq_ijyb
D:5:      layout_cave_pods, mainiacjoe_overflow_catwalk,
          mainiacjoe_overflow_cross_hatched, minmay_misc_feat_plants,
          st_stairs_2
D:6:      layout_loops_corners
D:7:      layout_loops_ring, nicolae_overflow_hidden_temple,
          minmay_misc_feat_tower, minmay_manual_mess

Skill      XL: |  1  2  3  4  5  6  7  8 |
---------------+-------------------------+-----
Maces & Flails | 4 5 6 7 8 9 11 13 | 13.1
Fighting       | |  3.6
Armour         | |  2.4
Dodging        | |  2.1

Action                   |  1- 3 |  4- 6 |  7- 9 || total
-------------------------+-------+-------+-------++-------
Melee: Mace              |    54 |    34 |       ||    88
       Headbutt          |     8 |    15 |    18 ||    41
       Flail             |       |    60 |   107 ||   167
Invok: Berserk           |     2 |     3 |     3 ||     8
       Trog's Hand       |       |       |     1 ||     1
  Use: Potion            |       |       |     1 ||     1
 Stab: Sleeping          |     1 |       |       ||     1
Armor: Animal skin       |     5 |       |       ||     5
       Ring mail         |     4 |     8 |       ||    12
       Scale mail        |       |    21 |    45 ||    66
Dodge: Dodged            |    44 |    50 |    65 ||   159
